 Dungeon Crawl Stone Soup version 0.21-a0-404-g291f19a (webtiles) character file.

104 forged the Magician (level 4, 0/30 HPs)
             Began as a Mummy Ice Elementalist on Oct 30, 2017.
             Was an Initiate of Sif Muna.
             Slain by an orc priest (3 damage)
             ... on level 3 of the Dungeon.
             The game lasted 00:04:58 (2070 turns).

forged the Magician (Mummy Ice Elementalist)        Turns: 2070, Time: 00:04:58

Health: 0/30       AC:  9    Str: 11    XL:     4   Next: 52%
Magic:  12/19      EV: 12    Int: 15    God:    Sif Muna [......]
Gold:   103        SH:  0    Dex: 12    Spells: 5/11 levels left

rFire    x . .     SeeInvis .   e - +4 short sword (venom)
rCold    + . .     Gourm    .   (no shield)
rNeg     + + +     Faith    .   a - +0 robe
rPois    ∞         Spirit   .   n - +1 helmet
rElec    .         Reflect  .   (no cloak)
rCorr    .         Harm     .   (no gloves)
MR       .....                  (no boots)
Stlth    ++........             (no amulet)
HPRegen  0.10/turn              h - ring of magical power
MPRegen  0.16/turn              (no ring)

@: icy armour, slow
A: no food or potions, fire vulnerability, cold resistance 1, negative energy
resistance 3, torment resistance, unbreathing
a: Renounce Religion


You were on level 3 of the Dungeon.
You worshipped Sif Muna.
Sif Muna was noncommittal.
You were not hungry.

You visited 1 branch of the dungeon, and saw 3 of its levels.

You collected 103 gold pieces.

Inventory:

Hand Weapons
 e - a +4 short sword of venom (weapon)
Missiles
 g - 124 stones (quivered)
Armour
 a - a +0 robe (worn)
 d - a +0 robe
 j - a +0 helmet
 n - a +1 helmet (worn)
Jewellery
 h - a ring of magical power (left hand)
Scrolls
 k - 2 scrolls of identify
 l - a scroll of remove curse
Books
 b - a book of Frost

   Spells                             Type                      Level
   a - Freeze                         Ice                          1
   b - Throw Frost                    Conjuration/Ice              2
   c - Ozocubu's Armour               Charms/Ice                   3
   d - Throw Icicle                   Conjuration/Ice              4
   e - Summon Ice Beast               Ice/Summoning                4


   Skills:
 - Level 1.5 Dodging
 - Level 1.5 Stealth
 + Level 4.0 Spellcasting
 - Level 0.7 Conjurations
 * Level 3.9 Ice Magic


You had 5 spell levels left.
You knew the following spells:

 Your Spells              Type           Power        Failure   Level  Hunger
a - Freeze                Ice            ##..         3%          1    N/A
b - Throw Frost           Conj/Ice       ##....       11%         2    N/A
c - Ozocubu's Armour      Chrm/Ice       #.......     24%         3    N/A

Dungeon Overview and Level Annotations

Branches:
Dungeon (3/15)

Altars:
Cheibriados
Sif Muna
Yredelemnul


Innate Abilities, Weirdness & Mutations

You do not eat or drink.
Your flesh is vulnerable to fire.
You are immune to poison.
Your flesh is cold resistant. (rC+)
You are immune to negative energy. (rN+++)
You are immune to unholy pain and torment.
You can survive without breathing.


Message History

Press: ? - help, Shift-Dir - straight line, f/p - orc priest
Aim: an orc priest (lightly wounded)
You freeze the orc priest.
The orc priest is moderately wounded.
Your icy armour evaporates.
The jackal barely misses you. The orc priest closely misses you.
Casting: Freeze
Confirm with . or Enter, or press ? or * to list all spells.
Aiming: Freeze
Press: ? - help, Shift-Dir - straight line, f/p - orc priest
Aim: an orc priest (moderately wounded)
You freeze the orc priest.
The orc priest is severely wounded.
The jackal closely misses you. The orc priest hits you.
* * * LOW HITPOINT WARNING * * *
Casting: Freeze
Confirm with . or Enter, or press ? or * to list all spells.
A film of ice covers your body! The jackal closely misses you.
The jackal misses you. The orc priest hits you.
You die...

##.##
#.........#
#..#
##.###.#####
##.##
####......#
#..#
###.....#####
#.##
#...##w## #.#
#.####r#
##.#####.#
#r#
#.<......#
#h#
#...######
#@# #..## #o#
#### ...
##... #.###
###


You could see a worm, an orc priest, a jackal and 2 rats.

Vanquished Creatures
  5 adders
  An ooze (D:3)
  2 leopard geckos (D:2)
  3 orcs (D:3)
  2 ball pythons
  2 bats
  2 giant cockroaches (D:1)
  2 gnoll zombies (D:3)
  7 goblins
  4 hobgoblins
  5 jackals
  7 kobolds
  A quokka (D:2)
  6 frilled lizards
49 creatures vanquished.

Notes
Turn   | Place    | Note
-------+----------+-------------------------------------------
     0 | D:1      | forged the Mummy Ice Elementalist began the quest for the Orb.
     0 | D:1      | Reached XP level 1. HP: 13/13 MP: 4/4
   191 | D:1      | Reached skill level 3 in Spellcasting
   252 | D:1      | Reached XP level 2. HP: 13/19 MP: 4/6
   890 | D:1      | Learned a level 2 spell: Throw Frost
   951 | D:2      | Reached XP level 3. HP: 21/24 MP: 7/7
  1272 | D:2      | Learned a level 3 spell: Ozocubu's Armour
  1303 | D:2      | Found a snail-covered altar of Cheibriados.
  1377 | D:2      | Reached XP level 4. HP: 26/30 MP: 4/9
  1650 | D:2      | Found a deep blue altar of Sif Muna.
  1661 | D:2      | Became a worshipper of Sif Muna the Loreminder
  1970 | D:3      | Found a basalt altar of Yredelemnul.
  2062 | D:3      | Reached skill level 4 in Spellcasting
  2070 | D:3      | Slain by an orc priest

Vault maps used:
D:1:      tarquinn_simple_flora_water_d
D:2:      nicolae_overflow_hidden_temple, old_standard_altar,
          minmay_misc_feat_plants
D:3:      lemuel_zombie_altar_yredelemnul, kennysheep_okawaru_gauntlet,
          grunt_dithmenos_smoke, uniq_robin

Skill      XL: |  1  2  3  4 |
---------------+-------------+-----
Spellcasting   | 3 4 |  4.0
Ice Magic      | 3 |  3.9
Dodging        | |  1.5
Stealth        | |  1.5
Conjurations   | |  0.7

Action                   |  1- 3 |  4- 6 || total
-------------------------+-------+-------++-------
Melee: Short sword       |    32 |    37 ||    69
Throw: Stone             |     1 |       ||     1
 Cast: Freeze            |    28 |     7 ||    35
       Throw Frost       |     1 |       ||     1
       Ozocubu's Armour  |       |     3 ||     3
  Use: Scroll            |       |     6 ||     6
Armor: Robe              |    11 |    15 ||    26
Dodge: Dodged            |    34 |    39 ||    73

Table legend:
 A = Spawn XP
 B = Non-spawn XP
 C = Spawn XP percentage of total XP
 D = Spawn monster count
 E = Non-spawn monster count
 F = Spawn count percentage of total count
 G = Total turns spent on level
                    A         B        C        D         E        F      G
               +---------+---------+-------+---------+---------+-------+---------
         Total |       0 |     149 |   0.0 |       0 |      49 |   0.0 |  2070
               +---------+---------+-------+---------+---------+-------+---------
           D:1 |       0 |      48 |   0.0 |       0 |      21 |   0.0 |   976
           D:2 |       0 |      74 |   0.0 |       0 |      17 |   0.0 |   970
           D:3 |       0 |      27 |   0.0 |       0 |      11 |   0.0 |   124
               +---------+---------+-------+---------+---------+-------+---------
